 Dungeon Crawl Stone Soup version 0.29.0-4-gdea44cf6ec (webtiles) character file.

Game seed: 13900387413165312296

21 qw the Chopper (level 2, -1/13 (17) HPs)
             Began as a Tengu Warper on Aug 28, 2022.
             Slain by Jessica
             ... wielding a +1 dagger of draining
              (2 damage)
             ... on level 2 of the Dungeon.
             The game lasted 00:00:05 (937 turns).

qw the Chopper (Tengu Warper)                        Turns: 937, Time: 00:00:06

HP:   -1/13 (17)    AC:  4    Str: 11    XL:     2   Next: 83%
MP:   6/6           EV: 11    Int: 13    God:
Gold: 67            SH:  0    Dex: 13    Spells: 5/5 levels left

rFire   . . .      SeeInvis .   Y - +0 hand axe
rCold   . . .      Faith    .   (no shield)
rNeg    . . .      Spirit   .   b - +0 leather armour
rPois   .          Reflect  .   (helmet restricted)
rElec   .          Harm     .   (no cloak)
rCorr   .          Rampage  .   e - +0 pair of gloves
Will    .....                   (boots unavailable)
Stlth   +.........              (no amulet)
HPRegen 0.04/turn               (no ring)
MPRegen 0.10/turn               (no ring)

@: heavily drained
A: beak, talons 3
a: no special abilities


You were on level 2 of the Dungeon.
You visited 1 branch of the dungeon, and saw 2 of its levels.

You collected 67 gold pieces.


Innate Abilities, Weirdness & Mutations

You have a beak for a mouth.
You have claws for feet.


   Skills:
 - Level 2.0 Fighting
 + Level 3.6 Axes
 - Level 1.0 Throwing
 - Level 1.1 Armour
 - Level 2.1 Dodging
 - Level 2.0 Spellcasting
 - Level 2.4 Translocations


You had 5 spell levels left.
You didn't know any spells.
Your spell library contained the following spells:

 Spells                   Type           Power      Damage    Failure   Level
 Blink                    Tloc           14%        N/A       19%         2
 Gell's Gravitas          Tloc           7%         N/A       36%         3
 Lesser Beckoning         Tloc           7%         N/A       36%         3
 Teleport Other           Tloc           7%         N/A       36%         3
 Manifold Assault         Tloc           7%         N/A       98%         5

Inventory:

Hand Weapons
 j - a +0 flail
 Y - a +0 hand axe (weapon)
Armour
 b - a +0 leather armour (worn)
 e - a +0 pair of gloves (worn)
Potions
 d - a potion of resistance {unknown}
 h - a potion of might {unknown}
 k - a potion of invisibility {unknown}
 l - 2 potions of curing
 m - a potion of brilliance {unknown}

Dungeon Overview and Level Annotations

Branches:
Dungeon (2/15)

Altars:

Annotations:
D:2 Jessica


Message History

Existing waypoints: (2) D:1 Assign waypoint to what number? (0-9, D - delete waypoint) Waypoint 1 assigned to D:2.
Enter note: Jessica points at you and mumbles some strange words.
Pain shoots through your body!
Jessica hits you with a +1 dagger of draining!
You feel drained.
You hit Jessica. Your peck misses Jessica.
Jessica is heavily wounded.
Jessica hits you but does no damage.
You feel drained.
You closely miss Jessica. Your kick misses Jessica.
Jessica is heavily wounded.
Jessica hits you but does no damage.
You feel drained.
You barely miss Jessica.
Jessica is heavily wounded.
Jessica hits you but does no damage.
You feel drained.
You barely miss Jessica. Your peck misses Jessica.
Jessica is heavily wounded.
Jessica hits you with a +1 dagger of draining.
You feel drained.
You barely miss Jessica.
Jessica is heavily wounded.
Jessica says, "I'm really upset."
Jessica casts a spell.
Jessica blinks!
The quokka closely misses you.
You hit the quokka. You claw the quokka. Your peck misses the quokka.
The quokka is heavily wounded.
The quokka barely misses you.
You hit the quokka.
You kill the quokka!
You feel your willpower return.
You hit Jessica but do no damage. You claw Jessica, but do no damage.
Jessica is heavily wounded.
Jessica closely misses you.
You hit Jessica. Your kick misses Jessica. You peck Jessica.
Jessica is severely wounded.
Jessica hits you with a +1 dagger of draining.
You die...

..........
##........##
#..........#
###..........#
.............#
#..........#
#.....%....#
#.<..@...#
##.!.@..##
#.....##
#.......#
#.......#
#.......#
.......##
##.......


You could see Jessica.

Vanquished Creatures
  3 bats (D:1)
  3 endoplasms (D:1)
  A giant cockroach (D:1)
  A goblin (D:1)
  2 hobgoblins (D:1)
  2 quokkas
  2 ball pythons (D:1)
  2 kobolds (D:1)
  3 rats (D:1)
19 creatures vanquished.

Notes
Turn   | Place    | Note
-------+----------+-------------------------------------------
     0 | D:1      | qw the Tengu Warper began the quest for the Orb.
     0 | D:1      | Reached XP level 1. HP: 12/12 MP: 4/4
     0 | D:1      | 0 ||| qw: Version: 0.1-a-89-g26bdef1
     0 | D:1      | 0 ||| qw: Game counter: 161
     0 | D:1      | 0 ||| qw: Always use a shield: true
     0 | D:1      | 0 ||| qw: God list: Okawaru
     0 | D:1      | 0 ||| qw: Allow faded altars: false
     0 | D:1      | 0 ||| qw: Do Orc after D:15 true
     0 | D:1      | 0 ||| qw: Do second Lair branch before Depths: true
     0 | D:1      | 0 ||| qw: Lair rune preference: random
     0 | D:1      | 0 ||| qw: Plans: Normal
     0 | D:1      | 0 ||| PLANNING D:1-11
   265 | D:1      | Reached XP level 2. HP: 17/17 MP: 6/6
   298 | D:1      | Reached skill level 3 in Axes
   745 | D:1      | Found a faded altar of an unknown god.
   897 | D:1      | 897 ||| UPGRADING to +0 pair of gloves.
   902 | D:1      | 902 ||| READING scroll labelled WALILY DAIHOD.
   903 | D:1      | 903 ||| READING scroll labelled HASAAW DISM.
   904 | D:1      | 904 ||| READING scroll labelled WUEBIO ULICEG.
   905 | D:1      | 905 ||| DRINKING 3 puce potions.
   906 | D:1      | 906 ||| DROPPING scroll of blinking.
   925 | D:2      | Noticed Jessica
   928 | D:2      | HP: 4/16 [Jessica/+1 dagger of draining (2)]
   932 | D:2      | HP: 1/12 [Jessica/+1 dagger of draining (1)]
   937 | D:2      | Slain by Jessica

Levels and vault maps discovered:
D:1:      dpeg_arrival_boxes_within_box, layout_basic,
          hellmonk_ecumenical_altar_defaced_shrine
D:2:      layout_rooms, uniq_jessica

Skill      XL: |  1  2 |
---------------+-------+-----
Axes           | 3 |  3.6
Fighting       | |  2.0
Throwing       | |  1.0
Armour         | |  1.1
Dodging        | |  2.1
Spellcasting   | |  2.0
Translocations | |  2.4

Action                   || total
-------------------------++-------
Melee: Hand axe          ||    36
       Kick              ||     5
       Peck              ||     4
Throw: Boomerang         ||     7
  Use: Scroll            ||     3
       Potion            ||     1
Armor: Leather armour    ||     5
Dodge: Dodged            ||    16

Table legend:
 A = Non-vault XP
 B = Vault XP
 C = Vault XP percentage of total XP
 D = Non-vault monster count
 E = Vault monster count
 F = Vault count percentage of total count
                 A         B        C        D         E       F
            +---------+---------+-------+---------+---------+-------
      Total |      28 |       2 |   6.7 |      18 |       1 |   5.3
            +---------+---------+-------+---------+---------+-------
        D:1 |      26 |       2 |   7.1 |      17 |       1 |   5.6
        D:2 |       2 |       0 |   0.0 |       1 |       0 |   0.0
            +---------+---------+-------+---------+---------+-------
